 Dungeon Crawl Stone Soup version 0.30.0 (webtiles) character file.

Game seed: 7321427680777799639

9748 Cheops the Brawler (level 11, -9/82 HPs)
             Began as a Ghoul Monk on May 5, 2023.
             Mangled by a six-headed hydra (10 damage)
             ... on level 8 of the Dungeon.
             The game lasted 00:15:38 (9101 turns).

Cheops the Brawler (Ghoul Monk)                     Turns: 9101, Time: 00:15:40

Health: -9/82      AC: 10    Str: 20    XL:     11   Next: 51%
Magic:  10/10      EV: 27    Int: 11    God:
Gold:   677        SH:  0    Dex: 11    Spells: 10/10 levels left

rFire   + +          .
                       - Unarmed
rCold   + . .        (no shield)
rNeg    + + +        q - +0 ring mail of Pathos {Rampage rElec rF++}
rPois   ∞            k - +0 helmet
rElec   +            u - +0 cloak
rCorr   .            (no gloves)
SInv    .            C - +0 pair of boots
Will    .....        j - amulet "Looxtod" {Acrobat +Inv}
Stlth   +            i - +6 ring of intelligence
HPRegen 0.00/turn    (no ring)
MPRegen 0.12/turn

%: acrobat, rampage
@: acrobatic, inhibited regen
A: claws 1, cold resistance 1, negative energy resistance 3, inhibited
regeneration, torment resistance 2, devour on kill
a: Evoke Invisibility


You were on level 8 of the Dungeon.
You visited 2 branches of the dungeon, and saw 10 of its levels.
You also visited: Ossuary.

You collected 677 gold pieces.

Inventory:

Missiles
 d - 2 throwing nets (quivered)
Armour
 a - a +0 robe
 c - an orb of light
 k - a +0 helmet (worn)
 l - a +0 leather armour
 p - a +0 ring mail
 q - the +0 ring mail of Pathos (worn) {Rampage rElec rF++}
   (You found it on level 3 of the Dungeon)

   rF:        It greatly protects you from fire.
   rElec:     It insulates you from electricity.
   Rampage:   It bestows one free step when moving towards enemies.
 s - a +2 leather armour of cold resistance
 u - a +0 cloak (worn)
 C - a +0 pair of boots (worn)
Jewellery
 i - a +6 ring of intelligence (left claw)
 j - the amulet "Looxtod" (around neck) {Acrobat +Inv}
   (You acquired it on level 4 of the Dungeon)

   [amulet of the acrobat]

   It increases your evasion while moving and waiting.
   +Inv:      It lets you turn invisible.
 t - an amulet of the acrobat
Wands
 y - a wand of digging (2)
 H - a wand of paralysis (13)
Scrolls
 f - 3 scrolls of enchant weapon
 r - a scroll of fear
 v - 3 scrolls of immolation
 w - 2 scrolls of amnesia
 x - a scroll of magic mapping
 A - a scroll of fog
 G - a scroll of blinking
Potions
 b - 3 potions of ambrosia
 e - a potion of resistance {unknown}
 g - a potion of haste {unknown}
 h - 4 potions of brilliance {unknown}
 m - 2 potions of degeneration {unknown}
 n - 2 potions of flight {unknown}
 o - 5 potions of attraction {unknown}
 z - 5 potions of curing
 B - 2 potions of invisibility
 D - 3 potions of mutation {unknown}
 F - 3 potions of lignification
 I - 2 potions of magic


   Skills:
 - Level 3.2 Fighting
 + Level 5.7 Armour
 - Level 5.0 Dodging
 * Level 17.2 Unarmed Combat


You had 10 spell levels left.
You didn't know any spells.
Your spell library contained the following spells:

 Spells                   Type           Power      Damage    Failure   Level
 Shock                    Conj/Air       0%         1d3       50%         1
 Inner Flame              Hex/Fire       0%         N/A       86%         3
 Ozocubu's Armour         Ice            0%         N/A       86%         3
 Portal Projectile        Hex/Tloc       0%         N/A       86%         3
 Swiftness                Air            0%         N/A       86%         3
 Tukima's Dance           Hex            0%         N/A       86%         3
 Airstrike                Air            0%         2d(0-16)  99%         4
 Flame Wave               Conj/Fire      0%         2d4       99%         4
 Sticky Flame             Conj/Fire      0%         2d3       99%         4
 Metabolic Englaciation   Hex/Ice        0%         N/A       100%        5
 Simulacrum               Ice/Necr       0%         N/A       100%        6
 Blade Hands              Tmut           Unusable   N/A       N/A         5

Dungeon Overview and Level Annotations

Branches:
Dungeon (9/15)             Temple (1/1) D:7            Lair (0/5) D:9
Ossuary (visited)
    Orc: D:9-12

Altars:
Ashenzari
Cheibriados
Dithmenos
Fedhas
Gozag
Hepliaklqana
Kikubaaqudgha
Makhleb
Nemelex Xobeh
Okawaru
Qazlal
Ru
Sif Muna
Trog
Uskayaw
Vehumet
Xom
Yredelemnul

Shops:
D:1 (   D:4 [


Innate Abilities, Weirdness & Mutations

You are immune to poison.
You have sharp fingernails.
Your flesh is cold resistant. (rC+)
You are immune to negative energy. (rN+++)
You do not regenerate when monsters are visible.
You are immune to unholy pain and torment.
You thrive by killing the living.


Message History

The six-headed hydra closely misses you.
The six-headed hydra bites you.
Keep disrobing?
The six-headed hydra closely misses you.
The six-headed hydra bites you!
The six-headed hydra barely misses you. x2
You continue taking off your orb of light.
The six-headed hydra bites you. x2; The six-headed hydra barely misses you.
The six-headed hydra bites you but does no damage.
The six-headed hydra bites you! x2
You continue taking off your orb of light.
The six-headed hydra bites you! x2
The six-headed hydra bites you but does no damage.
The six-headed hydra bites you.
* * * LOW HITPOINT WARNING * * *
The six-headed hydra bites you but does no damage. x2
You continue taking off your orb of light.
The six-headed hydra bites you but does no damage.
The six-headed hydra bites you!
* * * LOW HITPOINT WARNING * * *
The six-headed hydra bites you.
* * * LOW HITPOINT WARNING * * *
The six-headed hydra bites you.
* * * LOW HITPOINT WARNING * * *
The six-headed hydra bites you.
* * * LOW HITPOINT WARNING * * *
The six-headed hydra bites you but does no damage.
You finish taking off your orb of light.
Unknown command.
Unknown command.
Unknown command.
Unknown command.
Unknown command.
Unknown command.
The six-headed hydra attacks as you move away!
The six-headed hydra completely misses you.
The six-headed hydra bites you but does no damage.
The six-headed hydra barely misses you. The six-headed hydra bites you.
* * * LOW HITPOINT WARNING * * *
The six-headed hydra misses you. The six-headed hydra bites you!
You die...

.#####.# ######.# #.#
.....#.# ***#####***###
.......# *,,.#..,*,,,*
.###.#.### *,,.'.,,*,,,* .#
#.#...# *,..#,,,*,,,* .#
#.#.#.# *#'##*****+** .#
#.#.#.# ###...#,,,*,,,* .#
#.#.#.# #.D...#,,,*,,,* .#
#.#.#.# #@#...#,,,*,,,* .#
#.#.#.# #.##'##*+***+**
.###.#.#.#
####.#,..#,,,*,,,*
.......#.#
#....#,,.'.,,+,,,*
.........#
#.####,,.#..,*,,,*
.......### #.# ****#######**
..##...## #.# #.# #.....#<##
#.############.#
..##.###.####.#............#


You could see a six-headed hydra.

Vanquished Creatures
  Erolcha (D:9)
  A centaur warrior (D:8)
  A two-headed ogre (D:9)
  Pikel (D:8)
  Maggie (D:8)
  A gargoyle (D:9)
  Psyche (D:9)
  A tengu conjurer (D:7)
  Prince Ribbit (D:8)
  A culicivora (shapeshifter) (D:8)
  9 yaks (D:9)
  A wyvern (D:9)
  A steam dragon (D:9)
  A vampire mosquito (D:8)
  A swamp worm (shapeshifter) (D:8)
  An acid dragon (D:9)
  3 water moccasins
  A black bear (D:9)
  3 orc warriors
  A sky beast (D:6)
  2 ice beasts
  An ogre (D:6)
  7 centaurs
  3 kobold brigands
  A gnoll sergeant (D:9)
  5 bullfrogs
  3 scorpions
  A water moccasin zombie (Ossuary)
  3 wights (D:6)
  2 howler monkeys
  3 hounds
  5 jellies
  8 orc priests
  3 gnoll boudas
  An iguana (D:6)
  2 sleepcaps (D:6)
  Natasha (thrice) (D:4)
  10 orc wizards
  2 mummies (Ossuary)
  25 gnolls
  8 adders
  A shadow imp (D:8)
  A white imp (D:7)
  An ufetubus (D:4)
  7 adder zombies (Ossuary)
  5 worms
  A dart slug (D:4)
  31 orcs
  5 ball pythons
  5 endoplasms
  A giant cockroach (D:3)
  A gnoll zombie (Ossuary)
  5 goblins
  8 hobgoblins
  5 jackals (D:3)
  18 kobolds
  4 quokkas
  4 bats
  A frilled lizard (D:1)
  5 hobgoblin zombies (Ossuary)
  5 kobold zombies (Ossuary)
  4 orc zombies (Ossuary)
  3 rats
251 creatures vanquished.

Vanquished Creatures (others)
  17 fungi
  4 plants (D:9)
21 creatures vanquished.

Grand Total: 272 creatures vanquished

Notes
Turn   | Place    | Note
-------+----------+-------------------------------------------
     0 | D:1      | Cheops the Ghoul Monk began the quest for the Orb.
     0 | D:1      | Reached XP level 1. HP: 19/19 MP: 0/0
    62 | D:1      | You fall into a shaft and drop 1 floor!
   264 | D:1      | Reached XP level 2. HP: 26/26 MP: 1/1
   280 | D:1      | Reached skill level 4 in Unarmed Combat
   319 | D:1      | Found Kuwk's Weapon Shop.
  1079 | D:2      | Reached XP level 3. HP: 31/31 MP: 2/2
  1329 | D:3      | Reached skill level 5 in Unarmed Combat
  1329 | D:3      | Reached XP level 4. HP: 37/38 MP: 3/3
  1366 | D:3      | Identified the +0 ring mail of Pathos {Rampage rElec rF++}
  1582 | D:3      | Reached skill level 6 in Unarmed Combat
  1652 | D:3      | Reached XP level 5. HP: 45/45 MP: 4/4
  2113 | D:4      | Noticed Natasha
  2128 | D:4      | Killed Natasha
  2146 | D:4      | Reached skill level 7 in Unarmed Combat
  2146 | D:4      | Reached XP level 6. HP: 20/51 MP: 5/5
  2420 | D:4      | Reached skill level 8 in Unarmed Combat
  2573 | D:4      | Found Paoh's Armour Emporium.
  2811 | D:4      | Noticed Natasha
  2818 | D:4      | Killed Natasha
  2866 | D:4      | Reached XP level 7. HP: 54/57 MP: 6/6
  2882 | D:4      | Noticed Natasha
  2884 | D:4      | Killed Natasha
  3190 | D:4      | Found Paoh's Armour Emporium.
  3482 | D:4      | Identified a scroll of acquirement
  3484 | D:4      | Acquired the amulet "Looxtod" {Acrobat +Inv}
  3515 | D:5      | Entered Level 5 of the Dungeon
  3656 | D:5      | Reached skill level 9 in Unarmed Combat
  4026 | D:5      | Found a shimmering blue altar of Sif Muna.
  4061 | D:6      | Reached XP level 8. HP: 29/63 MP: 7/7
  4277 | D:6      | Reached skill level 10 in Unarmed Combat
  4393 | D:6      | Reached skill level 5 in Dodging
  4451 | D:6      | Reached skill level 11 in Unarmed Combat
  4582 | D:6      | Found an iron altar of Okawaru.
  4776 | D:6      | Reached XP level 9. HP: 67/70 MP: 8/8
  5016 | D:6      | Reached skill level 12 in Unarmed Combat
  5016 | D:6      | Found a blossoming altar of Fedhas.
  5748 | D:7      | Reached skill level 13 in Unarmed Combat
  5991 | D:7      | Found a staircase to the Ecumenical Temple.
  6006 | Temple   | Entered the Ecumenical Temple
  6218 | D:8      | Found a sand-covered staircase.
  6224 | Ossuary  | Entered an ossuary
  6604 | D:8      | Found a shadowy altar of Dithmenos.
  6608 | D:8      | Noticed Maggie
  6622 | D:8      | Killed Maggie
  6623 | D:8      | Reached skill level 14 in Unarmed Combat
  6823 | D:8      | Noticed Prince Ribbit
  6833 | D:8      | Killed Prince Ribbit
  6834 | D:8      | Reached XP level 10. HP: 47/77 MP: 9/9
  7070 | D:8      | Noticed Pikel
  7081 | D:8      | Killed Pikel
  7082 | D:8      | Reached skill level 1 in Armour
  7223 | D:8      | Noticed a boulder beetle
  7224 | D:8      | Noticed a centaur warrior
  7224 | D:8      | Noticed a cane toad
  7256 | D:7      | Reached skill level 15 in Unarmed Combat
  7632 | D:9      | Noticed Erolcha
  7638 | D:9      | Killed Erolcha
  7651 | D:9      | Noticed Psyche
  7654 | D:9      | Noticed a two-headed ogre
  7667 | D:9      | Killed Psyche
  7687 | D:9      | Killed a two-headed ogre
  7688 | D:9      | Reached skill level 16 in Unarmed Combat
  7688 | D:9      | Reached XP level 11. HP: 35/82 MP: 10/10
  7711 | D:9      | Reached skill level 5 in Armour
  7999 | D:9      | Found a hazy altar of Hepliaklqana.
  8170 | D:9      | Found a faded altar of an unknown god.
  8261 | D:9      | Reached skill level 17 in Unarmed Combat
  8406 | D:9      | Found a staircase to the Lair.
  8501 | D:9      | Identified the +6 flail of Laychoh {pain, Drain Will+++
                  | MP+9 Stlth+}
  8564 | D:9      | Found a sacrificial altar of Ru.
  8687 | D:9      | Found a sparkling altar of Nemelex Xobeh.
  8875 | D:8      | Killed a centaur warrior
  9094 | D:8      | Noticed a six-headed hydra
  9099 | D:8      | HP: 4/82 [six-headed hydra (2)]
  9101 | D:8      | HP: 1/82 [six-headed hydra (3)]
  9101 | D:8      | Mangled by a six-headed hydra

Illustrated notes

Levels and vault maps discovered:
D:1:      minmay_arrival_four_circles, layout_basic, serial_shops,
          nicolae_shop_trees
D:2:      layout_rooms, hangedman_abyss_or_decor_lesser_grid,
          minmay_misc_feat_five, kennysheep_generic_room_12
D:3:      layout_loops_cross, minmay_guardbox
D:4:      layout_cave_pools, serial_shops, nicolae_diamond_shop,
          minmay_misc_feat_tower, ebering_dispersal_statue_hall, uniq_natasha
D:5:      layout_cave_pools, lemuel_blue_sif_altar
D:6:      layout_cave_pools, lemuel_doored_altar, marbit_many_paths,
          patterned_corridor
D:7:      layout_loops_ring, temple_hall, hex_tiny
D:8:      layout_loops_ring, mainiacjoe_overflow_chevrons,
          nicolae_ossuary_entry_plus, hangedman_decor_diamond_cutter,
          minivault_10, small_statue_intersection, minmay_evil_grid,
          uniq_maggie, uniq_pikel, uniq_prince_ribbit1
D:9:      layout_irregular_city, good_gods_mini_temple, nemelex_altar_shiori,
          amcnicky_altar_gilded, beargit_hepliaklqana_dungeon_heroes,
          grunt_lair_entry_orc_guard_hut, hangedman_decor_growths,
          eino_tiny_chamber, small_statue_intersection,
          minmay_misc_feat_nine_boxes, uniq_erolcha, uniq_psyche
Temple:   nicolae_temple_ecumenical_triangle

Skill      XL: |  1  2  3  4  5  6  7  8  9 10 11 |
---------------+----------------------------------+-----
Unarmed Combat | 4 5 6 7 8 9 11 14 16 17 | 17.2
Dodging        | 3 4 5 |  5.0
Armour         | 4 5 |  5.7
Fighting       | |  3.2

Action                     |  1- 3 |  4- 6 |  7- 9 | 10-12 || total
---------------------------+-------+-------+-------+-------++-------
  Melee: Unarmed           |    73 |   136 |   374 |   177 ||   760
  Evoke: Wand              |       |       |       |     1 ||     1
    Use: Scroll            |       |     1 |    15 |     1 ||    17
         Potion            |       |       |       |     3 ||     3
   Stab: Distracted        |       |       |     1 |       ||     1
         Paralysed         |       |       |       |     2 ||     2
 Armour: Robe              |     2 |       |       |       ||     2
         Leather armour    |    11 |       |       |       ||    11
         Ring mail         |     3 |    39 |    99 |    44 ||   185
  Dodge: Dodged            |    47 |    65 |   212 |   115 ||   439
